Map: Washout LE

Players

ShoWTimE

  • Race: Protoss Protoss
  • Spawn Location: 1:00

Arrogfire - Winner!

  • Race: Protoss Protoss
  • League: Master
  • Spawn Location: 7:00

Event: HomeStory Cup XXIX

VOD

Have the link to the VOD?

Description

Time

  • Played on: July 3, 2026, 12:40 p.m.
  • Length: 17:30

All games in this series

Show
View Real Time Build Order
Export as new Build Order

ShoWTimE Protoss 

Build Orders:  

Get SALT Encoding   

  8  0:00  Probe (Chrono Boost)  
  9  0:12  Probe (Chrono Boost)  
  10  0:17  Probe (Chrono Boost)  
  11  0:26  Probe  
  12  0:32  Pylon  
  12  0:38  Probe  
  13  0:50  Probe  
  13  0:54  Gateway  
  14  1:03  Probe (Chrono Boost)  
  15  1:04  Assimilator  
  15  1:14  Assimilator, Probe (Chrono Boost)  
  16  1:20  Probe (Chrono Boost)  
  17  1:29  Probe  
  18  1:40  Cybernetics Core  
  18  1:41  Probe  
  18  1:46  Gateway  
  19  1:53  Probe  
  20  1:58  Pylon  
  20  2:05  Probe  
  21  2:14  Warp Gate (Chrono Boost)  
  21  2:16  Stalker (Chrono Boost)  
  21  2:17  Probe  
  24  2:30  Probe  
  24  2:34  Stalker (Chrono Boost)  
  27  2:38  Stalker  
  29  2:46  Pylon  
  29  3:04  Stalker  
  31  3:06  Stalker  
  33  3:27  Nexus  
  33  3:33  Probe  
  33  3:40  Twilight Council  
  33  3:46  Probe  
  32  3:58  Probe  
  32  4:01  Pylon  
  33  4:04  Sentry  
  33  4:08  Blink (Chrono Boost)  
  35  4:10  Probe  
  36  4:19  Stalker  
  36  4:22  Probe  
  39  4:26  Phoenix  
  39  4:32  Stalker  
  39  4:34  Probe  
  42  4:42  Probe  
  43  4:46  Probe  
  43  4:48  Stalker  
  46  4:54  Probe  
  46  4:57  Stalker  
  46  4:58  Probe  
  50  5:03  Pylon  
  50  5:07  Probe  
  51  5:10  Stalker, Probe  
  54  5:19  Probe, Stalker, Phoenix  
  57  5:22  Probe  
  58  5:30  Pylon  
  58  5:31  Probe, Stalker  
  58  5:34  Probe  
  62  5:38  Stalker  
  62  5:42  Assimilator  
  64  5:43  Probe  
  64  5:47  Probe  
  66  5:50  Pylon  
  66  5:51  Stalker  
  66  5:55  Probe  
  66  5:56  Stalker  
  71  6:02  Probe  
  72  6:09  Stalker  
  74  6:13  Pylon  
  74  6:20  Nexus  
  74  6:29  Probe  
  74  6:31  Probe  
  74  6:35  Phoenix  
  69  6:45  Probe  
  64  6:50  Probe  
  64  6:52  Robotics Facility  
  63  6:55  Forge, Stalker  
  63  6:57  Gateway  
  63  6:58  Gateway, Probe (Chrono Boost)  
  66  7:02  Probe (Chrono Boost), Stalker  
  69  7:10  Probe (Chrono Boost)  
  69  7:14  Probe (Chrono Boost)  
  69  7:15  Shield Battery  
  71  7:19  Probe (Chrono Boost)  
  71  7:20  Probe (Chrono Boost)  
  73  7:23  Stalker  
  73  7:24  Probe (Chrono Boost)  
  73  7:27  Dark Shrine  
  73  7:29  Probe  
  77  7:31  Stalker  
  77  7:35  Shield Battery  
  77  7:36  Probe  
  80  7:37  Shield Battery  
  80  7:41  Immortal (Chrono Boost)  
  83  7:55  Stalker x2  
  82  8:00  Stalker x2  
  86  8:07  Probe x2  
  86  8:11  Pylon  
  88  8:13  Probe  
  88  8:16  Pylon  
  88  8:19  Probe x2  
  91  8:20  Protoss Ground Weapons Level 1 (Chrono Boost)  
  91  8:25  Probe, Observer (Chrono Boost)  
  93  8:29  Assimilator  
  93  8:31  Stalker x2, Probe  
  98  8:38  Stalker  
  98  8:39  Adept  
  95  8:48  Probe x2  
  95  8:49  Probe  
  95  8:53  Stalker x2  
  100  9:00  Probe  
  100  9:01  Probe x2  
  101  9:08  Stalker  
  101  9:12  Probe  
  95  9:21  Probe x2  
  95  9:22  Gateway  
  97  9:24  Adept  
  97  9:26  Stalker x2  
  97  9:28  Gateway  
  97  9:30  Pylon  
  97  9:31  Photon Cannon  
  103  9:32  Photon Cannon, Observer (Chrono Boost), Pylon  
  103  9:35  Pylon  
  104  9:39  Probe  
  104  9:40  Stalker  
  104  9:43  Pylon  
  104  9:44  Pylon  
  107  9:48  Stalker  
  109  9:55  Stalker  
  109  10:05  Nexus, Stalker x2  
  111  10:08  Shield Battery  
  111  10:12  Pylon  
  111  10:24  Dark Templar  
  111  10:25  Zealot  
  111  10:26  Zealot x2  
  119  10:30  Gateway  
  119  10:32  Zealot  
  119  10:33  Zealot  
  119  10:34  Gateway  
  123  10:40  Pylon  
  120  10:52  Observer  
  120  10:53  Charge (Chrono Boost)  
  119  10:57  Protoss Ground Weapons Level 2 (Chrono Boost)  
  119  11:00  Zealot x6  
  132  11:11  Probe x3, Pylon  
  133  11:24  Stalker x3  
  134  11:27  Zealot x3  
  134  11:31  Photon Cannon  
  140  11:39  Zealot x2  
  144  11:46  Photon Cannon  
  144  11:48  Photon Cannon  
  144  11:49  Dark Templar, Zealot x4  
  144  11:50  Zealot  
  156  11:56  Pylon  
  156  12:05  Pylon, Probe x3  
  159  12:12  Zealot x7  
  169  12:16  Immortal (Chrono Boost), Probe  
  169  12:18  Pylon  
  174  12:25  Zealot  
  176  12:35  Zealot x7  
  190  12:40  Templar Archives  
  190  12:48  Observer (Chrono Boost)  
  191  12:52  Protoss Ground Weapons Level 3 (Chrono Boost)  
  191  12:56  Zealot  
  193  13:00  Zealot x3  
  199  13:06  Pylon  
  199  13:09  Warp Prism (Chrono Boost)  
  199  13:24  Gateway  
  199  13:26  Gateway  
  199  13:27  Gateway  
  199  13:29  Gateway  
  199  13:32  Gateway  
  195  13:41  Zealot x2  
  197  13:56  Assimilator  
  197  13:58  Assimilator  
  197  14:07  Zealot  
  192  14:19  Dark Templar x4  
  180  14:26  Zealot x4  
  180  14:29  Immortal (Chrono Boost)  
  180  14:30  Zealot x4  
  180  14:31  Zealot x4  
  147  14:52  Photon Cannon  
  147  14:54  Shield Battery  
  147  14:58  Zealot x12  
  170  15:00  Observer  
  170  15:06  Zealot  
  173  15:10  Assimilator  
  141  15:22  Zealot x3  
  141  15:23  Zealot x6  
  143  15:31  Zealot x2  
  143  15:32  Zealot, Immortal (Chrono Boost)  
  113  15:47  Probe x2  
  113  15:48  Probe, Zealot x4  
  113  15:49  Zealot x6  
  131  15:56  Zealot x3  
  83  16:11  Observer (Chrono Boost)  
  83  16:12  Zealot x7  
  95  16:21  High Templar x4  
  95  16:24  Immortal (Chrono Boost)  
  95  16:25  Archon x2  
  103  16:41  Dark Templar x2  
  103  16:44  Zealot x6  
  100  16:51  Dark Templar  
Show
View Real Time Build Order
Export as new Build Order

Arrogfire Protoss - Winner!

Build Orders: Phoenix Opening 

Get SALT Encoding   

  8  0:00  Probe  
  9  0:12  Probe (Chrono Boost)  
  11  0:21  Probe (Chrono Boost)  
  11  0:26  Probe (Chrono Boost)  
  11  0:31  Pylon  
  12  0:38  Probe  
  13  0:50  Probe  
  13  0:54  Gateway  
  14  1:03  Probe (Chrono Boost)  
  15  1:04  Assimilator  
  15  1:13  Probe (Chrono Boost)  
  15  1:14  Assimilator  
  16  1:18  Probe (Chrono Boost)  
  17  1:29  Probe  
  18  1:34  Gateway  
  18  1:41  Probe  
  19  1:47  Cybernetics Core  
  19  1:53  Probe  
  20  1:59  Pylon  
  20  2:05  Probe  
  21  2:17  Probe  
  22  2:24  Stalker, Warp Gate  
  24  2:33  Stalker  
  24  2:35  Probe  
  27  2:45  Pylon  
  27  2:51  Sentry, Phoenix  
  29  3:11  Nexus  
  29  3:12  Probe  
  29  3:19  Shield Battery  
  29  3:24  Probe  
  30  3:29  Sentry x2  
  34  3:36  Probe (Chrono Boost)  
  34  3:39  Pylon  
  35  3:48  Probe (Chrono Boost)  
  36  3:53  Probe (Chrono Boost)  
  37  3:57  Twilight Council  
  37  3:59  Phoenix  
  37  4:03  Probe  
  38  4:17  Pylon  
  38  4:23  Probe x2 (Chrono Boost)  
  40  4:28  Blink (Chrono Boost)  
  42  4:32  Probe x2 (Chrono Boost)  
  42  4:37  Probe x2 (Chrono Boost)  
  42  4:40  Phoenix  
  42  4:42  Stalker  
  46  4:45  Stalker  
  46  4:49  Probe  
  46  4:50  Probe  
  50  4:57  Phoenix  
  50  5:01  Probe  
  50  5:02  Probe  
  50  5:03  Gateway  
  52  5:12  Stalker  
  52  5:13  Probe  
  55  5:14  Probe  
  55  5:19  Pylon  
  56  5:25  Pylon, Probe  
  56  5:26  Probe  
  58  5:42  Stalker x2  
  64  5:45  Nexus  
  63  5:50  Probe x2  
  64  6:02  Adept  
  64  6:04  Adept  
  68  6:06  Stalker  
  68  6:07  Pylon  
  68  6:08  Probe x2  
  68  6:09  Assimilator  
  72  6:25  Stalker  
  74  6:28  Gateway  
  74  6:32  Pylon  
  71  6:35  Stalker x2  
  71  6:46  Gateway  
  65  6:51  Stalker  
  65  6:53  Probe x2 (Chrono Boost)  
  69  6:57  Stalker x2  
  69  6:59  Gateway  
  69  7:01  Probe (Chrono Boost)  
  74  7:03  Pylon  
  76  7:09  Pylon, Probe x2 (Chrono Boost)  
  76  7:10  Probe (Chrono Boost)  
  76  7:13  Stalker  
  79  7:16  Probe x2, Stalker  
  79  7:17  Probe  
  84  7:28  Probe (Chrono Boost)  
  84  7:29  Adept x2  
  90  7:30  Probe (Chrono Boost)  
  90  7:34  Probe (Chrono Boost)  
  91  7:37  Stalker  
  91  7:40  Probe (Chrono Boost)  
  91  7:43  Charge  
  95  7:45  Probe (Chrono Boost)  
  95  7:53  Robotics Facility  
  95  7:57  Probe  
  95  7:58  Stalker x4  
  98  8:05  Forge, Stalker  
  92  8:20  Stalker  
  92  8:21  Stalker x2  
  92  8:24  Adept x2  
  92  8:26  Pylon  
  102  8:28  Pylon  
  102  8:30  Assimilator  
  98  8:37  Probe x2  
  98  8:41  Observer (Chrono Boost)  
  98  8:45  Stalker  
  99  8:52  Stalker  
  99  8:56  Nexus  
  99  8:58  Pylon, Gateway  
  99  8:59  Protoss Ground Weapons Level 1 (Chrono Boost)  
  99  9:00  Gateway  
  99  9:01  Zealot x4  
  107  9:06  Gateway  
  107  9:07  Probe x2  
  109  9:16  Observer (Chrono Boost)  
  108  9:18  Probe  
  108  9:19  Probe, Photon Cannon  
  108  9:20  Photon Cannon x2  
  110  9:25  Zealot x5  
  120  9:32  Warp Prism (Chrono Boost)  
  120  9:36  Probe  
  123  9:40  Zealot  
  123  9:45  Zealot  
  127  9:48  Pylon  
  127  9:56  Pylon  
  127  10:02  Pylon  
  127  10:04  Pylon  
  127  10:06  Probe x2  
  125  10:10  Zealot x7  
  137  10:14  Templar Archives  
  137  10:18  Immortal (Chrono Boost)  
  141  10:22  Probe x3  
  141  10:24  Photon Cannon  
  141  10:28  Pylon  
  144  10:34  Zealot x6  
  156  10:45  Immortal (Chrono Boost)  
  148  10:56  High Templar  
  148  10:57  High Templar x3  
  154  10:58  Zealot x5  
  154  11:01  Archon x2  
  154  11:03  Protoss Ground Weapons Level 2 (Chrono Boost)  
  161  11:23  Nexus  
  159  11:26  Pylon  
  159  11:29  Zealot x5  
  169  11:32  Gateway  
  169  11:37  Zealot x4  
  169  11:44  Probe x2  
  169  11:46  Observer  
  171  11:47  Nexus  
  171  11:49  Shield Battery  
  171  11:53  Pylon  
  171  11:56  Pylon  
  171  11:58  High Templar x2  
  171  11:59  Zealot x2  
  179  12:07  Pylon x2  
  179  12:08  Pylon  
  179  12:10  Zealot  
  179  12:11  Zealot x3  
  179  12:14  Observer  
  184  12:16  Zealot  
  184  12:20  Archon  
  186  12:24  Pylon, Probe  
  186  12:25  Probe  
  186  12:26  Zealot x2  
  186  12:28  Photon Cannon, Gateway  
  192  12:30  Shield Battery, Gateway  
  192  12:32  Photon Cannon  
  192  12:33  High Templar x2  
  192  12:34  Zealot x2, Photon Cannon  
  200  12:37  Archon  
  200  12:38  Pylon  
  200  12:49  Pylon  
  200  12:57  Zealot x2  
  200  13:02  High Templar  
  200  13:03  High Templar, Zealot  
  200  13:09  Archon  
  200  13:13  Gateway  
  200  13:16  Warp Prism, Gateway  
  200  13:19  Gateway  
  198  13:20  Nexus  
  198  13:22  Gateway  
  196  13:27  Robotics Bay  
  196  13:30  Probe x2  
  198  13:34  Assimilator  
  198  13:39  Assimilator  
  198  13:40  Zealot x5  
  200  13:47  Zealot  
  199  13:58  Probe  
  199  14:02  Robotics Facility  
  200  14:05  Pylon  
  192  14:13  Zealot x5  
  181  14:25  Zealot x5, Observer (Chrono Boost)  
  181  14:31  Zealot x6  
  172  14:36  Zealot x5  
  184  14:39  Protoss Ground Weapons Level 3 (Chrono Boost)  
  184  14:40  Warp Prism (Chrono Boost)  
  184  14:44  Probe x2  
  178  14:48  Zealot x3  
  178  14:49  Zealot x2, Gateway  
  178  14:51  Gateway  
  188  14:57  High Templar x4  
  188  14:58  Zealot x2  
  200  15:01  Archon x2  
  200  15:13  Photon Cannon  
  200  15:14  Photon Cannon  
  200  15:18  Photon Cannon  
  200  15:20  Observer (Chrono Boost)  
  200  15:21  Pylon  
  173  15:22  Photon Cannon  
  173  15:24  Pylon  
  155  15:31  Disruptor (Chrono Boost)  
  155  15:34  Zealot x4  
  155  15:35  Zealot x8  
  155  15:36  Observer (Chrono Boost)  
  150  15:45  Zealot x4  
  150  15:51  Disruptor (Chrono Boost)  
  151  15:57  Zealot x2  
  151  15:58  Zealot x10  
  151  16:00  Observer (Chrono Boost)  
  156  16:09  Zealot x4  
  160  16:17  Disruptor (Chrono Boost)  
  160  16:20  Disruptor (Chrono Boost)  
  160  16:21  Stalker x2  
  158  16:26  Zealot x9  
  158  16:30  Zealot, Probe x2  
  158  16:31  Probe x2  
  182  16:33  Assimilator  
  182  16:35  Assimilator  
  180  16:45  Observer  
Tags
 
Add a new tag
Caveats
  • Supply blocks, unpowered buildings, or Contaminate may cause inaccurate times.
  • Supply counts are checked every 10 seconds.